 Dungeon Crawl Stone Soup version 0.31-a0-236-g9a0961fb85 (webtiles) character file.

Game seed: 13177244271917138614

172 qw the Shooter (level 5, 0/45 HPs)
             Began as a Minotaur Hexslinger on July 10, 2023.
             Succumbed to a water moccasin's poison
             ... in a sewer.
             The game lasted 00:00:56 (1711 turns).

qw the Shooter (Minotaur Hexslinger)                Turns: 1711, Time: 00:00:57

Health: 0/45       AC:  4    Str: 11 (12) XL:     5   Next: 27%
Magic:  5/5        EV: 17    Int: 10      God:
Gold:   127        SH:  0    Dex: 12 (15) Spells: 5/6 levels left

rFire   . . .        Y - +1 sling
rCold   . . .        (no shield)
rNeg    + . .        b - +2 robe {rN+}
rPois   .            (helmet restricted)
rElec   .            (no cloak)
rCorr   .            (no gloves)
SInv    .            (no boots)
Will    .....        (no amulet)
Stlth   +            m - +5 ring of evasion
HPRegen 0.27/turn    (no ring)
MPRegen 0.09/turn

%: no passive effects
@: lethally poisoned (0 -> -29)
A: horns 2, retaliatory headbutt
a: no special abilities


You were in a sewer.
You visited 1 branch of the dungeon, and saw 3 of its levels.
You also visited: Sewer.

You collected 127 gold pieces.


Innate Abilities, Weirdness & Mutations

You have a pair of horns on your head.
You reflexively headbutt those who attack you in melee.


   Skills:
 - Level 3.0 Fighting
 + Level 5.2 Ranged Weapons
 - Level 1.5 Armour
 - Level 2.1 Dodging
 - Level 1.0 Spellcasting
 - Level 2.0 Hexes


You had 5 spell levels left.
You knew the following spells:

 Your Spells              Type           Power      Damage    Failure   Level
a - Slow                  Hex            16%        N/A       16%         1

Your spell library contained the following spells:

 Spells                   Type           Power      Damage    Failure   Level
 Inner Flame              Hex/Fire       2%         N/A       56%         3
 Portal Projectile        Hex/Tloc       4%         N/A       56%         3
 Cause Fear               Hex            2%         N/A       83%         4

Inventory:

Hand Weapons
 Y - a +1 sling (weapon)
Armour
 b - a +2 robe of positive energy (worn)
Jewellery
 m - a +5 ring of evasion (left hand)
Potions
 e - a potion of haste {unknown}
 g - 2 potions of curing
 k - a potion of cancellation {unknown}

Dungeon Overview and Level Annotations

Branches:
Dungeon (3/15)              Sewer (1/1)

Altars:
Nemelex Xobeh


Message History

You feel sick. x6
You are no longer poisoned.
A water moccasin is nearby!
You shoot a sling bullet. The water moccasin hisses angrily.
The sling bullet hits the water moccasin.
The water moccasin is heavily wounded.
You shoot a sling bullet.
The sling bullet barely misses the water moccasin.
The water moccasin bites you. The water moccasin misses you.
You shoot a sling bullet.
The sling bullet barely misses the water moccasin.
The water moccasin misses you.
You shoot a sling bullet.
The sling bullet misses the water moccasin.
The water moccasin barely misses you. You furiously retaliate!
You headbutt the water moccasin, but do no damage.
The water moccasin misses you.
You shoot a sling bullet.
The sling bullet misses the water moccasin.
The water moccasin bites you!
You shoot a sling bullet.
The sling bullet closely misses the water moccasin.
The water moccasin closely misses you. x2
You shoot a sling bullet.
The sling bullet hits the water moccasin.
The water moccasin is heavily wounded.
The water moccasin misses you.
You shoot a sling bullet.
The sling bullet hits the water moccasin.
The water moccasin is severely wounded.
The water moccasin bites you.
You are lethally poisoned!
The water moccasin poisons you! The water moccasin bites you.
You are more poisoned.
The water moccasin poisons you!
You shoot a sling bullet.
The sling bullet hits the water moccasin.
The water moccasin is almost dead.
You die...

#.# #.# #.# #######
#.# ##.....## #.#
##...~...##
#.#######...~~~%%.##
#..........~~~~~.\\#
#.#######S..~~~...##
#S# ##@..~...## #!#
##.....## #.#
####### ... ... ...
.....


You could see a water moccasin.

Vanquished Creatures
  Jessica (D:3)
  Terence (D:3)
  A river rat (D:3)
  5 adders (D:2)
  A worm (D:3)
  A dart slug (D:1)
  8 bats
  5 endoplasms
  5 giant cockroaches
  6 goblins
  5 hobgoblins (D:1)
  4 jackals
  A quokka (D:1)
  4 ball pythons
  7 frilled lizards
  4 kobolds
  5 rats
64 creatures vanquished.

Notes
Turn   | Place    | Note
-------+----------+-------------------------------------------
     0 | D:1      | qw the Minotaur Hexslinger began the quest for the Orb.
     0 | D:1      | Reached XP level 1. HP: 16/16 MP: 1/1
     0 | D:1      | 0 ||| qw: Version: 0.3-a-52-g30416fa
     0 | D:1      | 0 ||| qw: Game counter: 4679
     0 | D:1      | 0 ||| qw: Melee chars always use a shield: true
     0 | D:1      | 0 ||| qw: God list: Okawaru
     0 | D:1      | 0 ||| qw: Allow faded altars: false
     0 | D:1      | 0 ||| qw: Do Orc after clearing Dungeon:15 true
     0 | D:1      | 0 ||| qw: Do second Lair branch before Depths: true
     0 | D:1      | 0 ||| qw: Lair rune preference: random
     0 | D:1      | 0 ||| qw: Goals: Normal
     0 | D:1      | 0 ||| PLANNING D:1-11
    89 | D:1      | Reached skill level 3 in Ranged Weapons
   121 | D:1      | Reached XP level 2. HP: 23/23 MP: 2/2
   148 | D:1      | 148 ||| FLEEEEING.
   149 | D:1      | 149 ||| FLEEEEING.
   150 | D:1      | 150 ||| FLEEEEING.
   151 | D:1      | 151 ||| FLEEEEING.
   153 | D:1      | 153 ||| FLEEEEING.
   227 | D:1      | 227 ||| FLEEEEING.
   230 | D:1      | 230 ||| FLEEEEING.
   231 | D:1      | 231 ||| FLEEEEING.
   232 | D:1      | 232 ||| FLEEEEING.
   233 | D:1      | 233 ||| FLEEEEING.
   491 | D:1      | Reached XP level 3. HP: 21/29 MP: 3/3
   917 | D:1      | 917 ||| UPGRADING to +0 ring mail.
   927 | D:1      | 927 ||| DROPPING +0 robe.
   928 | D:1      | 928 ||| UPGRADING to +5 ring of evasion.
   929 | D:1      | 929 ||| READING scroll labelled TEUWEI EMOTE.
   934 | D:1      | 934 ||| READING scroll labelled GICISK UCHI.
   935 | D:1      | 935 ||| READING scroll labelled INUPRAUNAS.
   936 | D:1      | 936 ||| READING scroll labelled QOREACUTIOR.
   937 | D:1      | 937 ||| DRINKING 3 sedimented amethyst potions.
   938 | D:1      | 938 ||| DROPPING scroll of poison.
   953 | D:2      | 953 ||| STAIRDANCE
   992 | D:2      | Reached skill level 4 in Ranged Weapons
  1112 | D:2      | Reached skill level 1 in Armour
  1124 | D:2      | Reached XP level 4. HP: 36/36 MP: 4/4
  1411 | D:2      | 1411 ||| READING scroll labelled LOZXEIKISO.
  1412 | D:2      | 1412 ||| DRINKING 2 ruby potions.
  1413 | D:2      | 1413 ||| DRINKING 2 emerald potions.
  1414 | D:2      | 1414 ||| DRINKING 2 grey potions.
  1415 | D:2      | 1415 ||| DROPPING potion of attraction.
  1416 | D:2      | 1416 ||| DROPPING potion of degeneration.
  1427 | D:3      | 1427 ||| PLANNING SEWER
  1451 | D:3      | Found a sparkling altar of Nemelex Xobeh.
  1463 | D:3      | Noticed Jessica
  1464 | D:3      | 1464 ||| Stepping ~*~*~tactically~*~*~ (outnumbered).
  1467 | D:3      | Noticed Terence
  1469 | D:3      | Killed Jessica
  1470 | D:3      | Reached skill level 5 in Ranged Weapons
  1481 | D:3      | Killed Terence
  1482 | D:3      | Reached XP level 5. HP: 29/42 MP: 5/5
  1550 | D:3      | Reached skill level 3 in Fighting
  1606 | D:3      | Found a glowing drain.
  1607 | D:3      | 1607 ||| UPGRADING to +2 robe of positive energy.
  1617 | D:3      | 1617 ||| DROPPING +0 ring mail.
  1626 | Sewer    | Entered a sewer
  1654 | Sewer    | Noticed a water moccasin
  1663 | Sewer    | HP: 4/45 [water moccasin (8)]
  1664 | Sewer    | 1664 ||| READING scroll of teleportation.
  1665 | Sewer    | 1665 ||| DRINKING potion of heal wounds.
  1710 | Sewer    | HP: 9/45 [water moccasin (6)]
  1711 | Sewer    | Succumbed to a water moccasin's poison

Levels and vault maps discovered:
D:1:      dpeg_arrival_three_same_balls, layout_loops_ring,
          kennysheep_another_room
D:2:      layout_rooms, nicolae_half_adder
D:3:      layout_loops_ring, nemelex_spade_bored_becter, grunt_qazlal_sundering,
          nicolae_hepliaklqana_hippocampus, mainiacjoe_overflow_two_lobes,
          cheibrodos_sewer_entry_sluice, hellmonk_ecumenical_altar_lost_god,
          uniq_terence, uniq_jessica
Sewer:    sewer_big_baddie

Skill      XL: |  1  2  3  4  5 |
---------------+----------------+-----
Ranged Weapons | 3 4 5 |  5.2
Fighting       | 2 3 |  3.0
Armour         | 1 |  1.5
Dodging        | |  2.1
Spellcasting   | |  1.0
Hexes          | |  2.0

Action                     |  1- 3 |  4- 6 || total
---------------------------+-------+-------++-------
   Fire: Sling             |   131 |    94 ||   225
    Use: Scroll            |     4 |     2 ||     6
         Potion            |     1 |     4 ||     5
 Armour: Robe              |    10 |     4 ||    14
         Ring mail         |     4 |    14 ||    18
  Dodge: Dodged            |    60 |    66 ||   126

Table legend:
 A = Non-vault XP
 B = Vault XP
 C = Vault XP percentage of total XP
 D = Non-vault monster count
 E = Vault monster count
 F = Vault count percentage of total count
                 A         B        C        D         E       F
            +---------+---------+-------+---------+---------+-------
      Total |     109 |     138 |  55.9 |      53 |      11 |  17.2
            +---------+---------+-------+---------+---------+-------
        D:1 |      59 |       0 |   0.0 |      34 |       0 |   0.0
        D:2 |      48 |      39 |  44.8 |      17 |       3 |  15.0
        D:3 |       2 |      92 |  97.9 |       2 |       4 |  66.7
      Sewer |       0 |       7 | 100.0 |       0 |       4 | 100.0
            +---------+---------+-------+---------+---------+-------
